 Dungeon Crawl Stone Soup version 0.31-a0-263-ge8cad7f256 (webtiles) character file.

Game seed: 1270694488639971166

1188 qw the Skirmisher (level 8, -2/70 HPs)
             Began as a Minotaur Hexslinger on July 13, 2023.
             Was an Initiate of Okawaru.
             Shot with an arrow by a centaur (7 damage)
             ... on level 6 of the Dungeon.
             The game lasted 00:02:46 (5613 turns).

qw the Skirmisher (Minotaur Hexslinger)             Turns: 5613, Time: 00:02:46

Health: -2/70      AC:  7    Str: 13    XL:     8   Next: 19%
Magic:  8/8        EV: 13    Int: 10    God:    Okawaru [......]
Gold:   277        SH:  0    Dex: 15    Spells: 8/9 levels left

rFire   + . .        Y - +1 sling
rCold   . . .        (no shield)
rNeg    + . .        i - +2 leather armour {rF+}
rPois   .            h - +2 hat
rElec   .            (no cloak)
rCorr   .            (no gloves)
SInv    .            (no boots)
Will    .....        k - amulet of regeneration
Stlth   +            g - ring of positive energy
HPRegen 1.11/turn    (no ring)
MPRegen 0.11/turn

%: no passive effects
@: lethally poisoned (-2 -> -10), about to teleport
A: horns 2, retaliatory headbutt
a: Renounce Religion


You were on level 6 of the Dungeon.
You worshipped Okawaru.
Okawaru was noncommittal.
You visited 2 branches of the dungeon, and saw 7 of its levels.
You also visited: Ossuary.

You collected 347 gold pieces.
You spent 70 gold pieces at shops.


Innate Abilities, Weirdness & Mutations

You have a pair of horns on your head.
You reflexively headbutt those who attack you in melee.


   Skills:
 + Level 5.8 Fighting
 - Level 9.0 Ranged Weapons
 - Level 1.2 Armour
 - Level 3.6 Dodging
 - Level 1.0 Spellcasting
 - Level 2.0 Hexes


You had 8 spell levels left.
You knew the following spells:

 Your Spells              Type           Power      Damage    Failure   Level
a - Slow                  Hex            16%        N/A       19%         1

Your spell library contained the following spells:

 Spells                   Type           Power      Damage    Failure   Level
 Inner Flame              Hex/Fire       2%         N/A       65%         3
 Portal Projectile        Hex/Tloc       4%         N/A       65%         3
 Cause Fear               Hex            2%         N/A       88%         4

Inventory:

Hand Weapons
 Y - a +1 sling (weapon)
Armour
 h - a +2 hat (worn)
 i - a +2 leather armour of fire resistance (worn)
Jewellery
 g - a ring of positive energy (left hand)
 k - an amulet of regeneration (around neck)
Scrolls
 a - a scroll of identify
Potions
 b - 3 potions of curing
 c - a potion of mutation
 l - a potion of haste {unknown}
 m - a potion of might {unknown}

Dungeon Overview and Level Annotations

Branches:
Dungeon (6/15)             Temple (1/1) D:5         Ossuary (visited)

Altars:
Ashenzari
Cheibriados
Dithmenos
Fedhas
Gozag
Hepliaklqana
Kikubaaqudgha
Makhleb
Nemelex Xobeh
Okawaru
Ru
Sif Muna
Uskayaw
Vehumet
Xom
Yredelemnul
Zin

Shops:
D:1 *

Annotations:
D:4 2 transporters, qw's ghost, amateur MiHs


Message History

You shoot a sling bullet.
The sling bullet hits the phantom but does no damage.
The centaur shoots an arrow.
The arrow hits you!
You shoot a sling bullet.
The sling bullet barely misses the phantom.
The centaur shoots an arrow.
The arrow barely misses you.
The centaur shoots an arrow.
The arrow hits you!
You shoot a sling bullet.
The sling bullet barely misses the scorpion.
The centaur shoots an arrow.
The arrow hits you!
You shoot a sling bullet. The sling bullet hits the scorpion.
The scorpion is lightly wounded.
The centaur shoots an arrow.
The arrow closely misses you.
The centaur shoots an arrow.
The arrow hits you.
You shoot a sling bullet.
The sling bullet hits the scorpion but does no damage.
The scorpion is lightly wounded.
The scorpion stings you but does no damage.
The centaur shoots an arrow.
The arrow hits you.
You shoot a sling bullet. The sling bullet hits the scorpion.
The scorpion is lightly wounded.
The centaur shoots an arrow.
The arrow hits you! The scorpion stings you.
You are poisoned.
The scorpion poisons you!
The centaur shoots an arrow.
The arrow barely misses you.
You shoot a sling bullet. The sling bullet hits the scorpion.
The scorpion is heavily wounded.
You feel very sick. The scorpion stings you.
You are more poisoned.
The scorpion poisons you!
The phantom hits you but does no damage.
An ice beast comes into view.
The centaur shoots an arrow.
The arrow hits you! The scorpion barely misses you.
5613 ||| READING scroll of teleportation.
As you read the scroll of teleportation, it crumbles to dust.
You feel strangely unstable.
You feel very sick.
The centaur shoots an arrow.
The arrow hits you!
You die...

..................
...................
..........?.......#
..............[...#
..................#
..................#
......W...........#
......s@..........#
..................#
..................#
..................#
.......[..[.......###
c............%.......
Y.................###
.....................
............?.###


You could see an ice beast, a phantom, a centaur and a scorpion.

Vanquished Creatures
  A black bear (D:5)
  2 ogres (D:5)
  2 phantoms
  A scorpion (D:5)
  4 hounds
  An orc priest (D:4)
  4 iguanas
  Natasha (twice) (D:2)
  An orc wizard (D:5)
  12 gnolls
  9 adders
  A white imp (D:4)
  An ufetubus (D:5)
  3 dart slugs (D:4)
  15 orcs
  7 ball pythons
  11 endoplasms
  5 giant cockroaches
  22 goblins
  14 hobgoblins
  7 jackals
  18 kobolds
  4 quokkas
  8 bats
  A frilled lizard (D:2)
  6 hobgoblin zombies (Ossuary)
  9 kobold zombies (Ossuary)
  5 orc zombies (Ossuary)
  5 rats
181 creatures vanquished.

Notes
Turn   | Place    | Note
-------+----------+-------------------------------------------
     0 | D:1      | qw the Minotaur Hexslinger began the quest for the Orb.
     0 | D:1      | Reached XP level 1. HP: 16/16 MP: 1/1
     0 | D:1      | 0 ||| qw: Version: 0.3-a-52-g30416fa
     0 | D:1      | 0 ||| qw: Game counter: 7305
     0 | D:1      | 0 ||| qw: Melee chars always use a shield: true
     0 | D:1      | 0 ||| qw: God list: Okawaru
     0 | D:1      | 0 ||| qw: Allow faded altars: false
     0 | D:1      | 0 ||| qw: Do Orc after clearing Dungeon:15 true
     0 | D:1      | 0 ||| qw: Do second Lair branch before Depths: true
     0 | D:1      | 0 ||| qw: Lair rune preference: random
     0 | D:1      | 0 ||| qw: Goals: Normal
     0 | D:1      | 0 ||| PLANNING D:1-11
     1 | D:1      | Noticed an electric eel
    67 | D:1      | Reached skill level 3 in Ranged Weapons
    79 | D:1      | Reached XP level 2. HP: 22/23 MP: 2/2
   136 | D:1      | 136 ||| FLEEEEING.
   212 | D:1      | Reached XP level 3. HP: 20/29 MP: 3/3
   419 | D:1      | 419 ||| READING scroll labelled HIESAOFOUXT.
   420 | D:1      | 420 ||| READING scroll labelled KOGREE FAHO.
   424 | D:1      | 424 ||| FLEEEEING.
   425 | D:1      | 425 ||| FLEEEEING.
   426 | D:1      | 426 ||| FLEEEEING.
   427 | D:1      | 427 ||| FLEEEEING.
   428 | D:1      | 428 ||| FLEEEEING.
   429 | D:1      | 429 ||| FLEEEEING.
   430 | D:1      | 430 ||| FLEEEEING.
   431 | D:1      | 431 ||| FLEEEEING.
   432 | D:1      | 432 ||| FLEEEEING.
   433 | D:1      | 433 ||| FLEEEEING.
   434 | D:1      | 434 ||| FLEEEEING.
   435 | D:1      | 435 ||| FLEEEEING.
   438 | D:1      | 438 ||| FLEEEEING.
   442 | D:1      | 442 ||| FLEEEEING.
   445 | D:1      | 445 ||| FLEEEEING.
   446 | D:1      | 446 ||| FLEEEEING.
   449 | D:1      | 449 ||| FLEEEEING.
   450 | D:1      | 450 ||| FLEEEEING.
   451 | D:1      | 451 ||| FLEEEEING.
   452 | D:1      | 452 ||| FLEEEEING.
   453 | D:1      | 453 ||| FLEEEEING.
   454 | D:1      | 454 ||| FLEEEEING.
   456 | D:1      | 456 ||| FLEEEEING.
   457 | D:1      | 457 ||| FLEEEEING.
   458 | D:1      | 458 ||| FLEEEEING.
   459 | D:1      | 459 ||| FLEEEEING.
   460 | D:1      | 460 ||| FLEEEEING.
   461 | D:1      | 461 ||| FLEEEEING.
   462 | D:1      | 462 ||| FLEEEEING.
   525 | D:1      | Found Kulunt's General Store.
   528 | D:1      | 528 ||| BUYING potion of heal wounds (70 gold).
   528 | D:1      | Bought a potion of heal wounds for 70 gold pieces
   528 | D:1      | 528 ||| SHOPLISTING scroll of enchant armour (105 gold,
                  | have 5).
   528 | D:1      | 528 ||| SHOPLISTING scroll of teleportation (42 gold, have
                  | 5).
   688 | D:1      | Reached skill level 4 in Ranged Weapons
   765 | D:1      | 765 ||| UPGRADING to +0 ring mail.
   775 | D:1      | 775 ||| DROPPING +0 robe.
   776 | D:1      | 776 ||| DRINKING 2 dark potions.
   779 | D:1      | 779 ||| DROPPING scroll of poison.
   780 | D:1      | 780 ||| DROPPING potion of ambrosia.
   909 | D:2      | Reached skill level 1 in Armour
   984 | D:2      | Found a faded altar of an unknown god.
   994 | D:2      | Reached XP level 4. HP: 35/36 MP: 4/4
  1018 | D:2      | Found a glowing silver altar of Zin.
  1293 | D:2      | Noticed Natasha
  1300 | D:2      | Killed Natasha
  1459 | D:2      | Noticed Natasha
  1463 | D:2      | Killed Natasha
  1464 | D:2      | Reached skill level 5 in Ranged Weapons
  1584 | D:2      | 1584 ||| DROPPING +6 ring of intelligence.
  1585 | D:2      | 1585 ||| READING scroll labelled NIUJUCZUGIU.
  1588 | D:2      | 1588 ||| DRINKING 2 fizzy orange potions.
  1638 | D:3      | Reached skill level 3 in Fighting
  1638 | D:3      | Reached XP level 5. HP: 41/45 MP: 5/5
  2462 | D:3      | 2462 ||| READING scroll labelled RANOADEOQYE.
  2495 | D:4      | 2495 ||| STAIRDANCE
  2596 | D:4      | 2596 ||| STAIRDANCE
  2651 | D:4      | 2651 ||| STAIRDANCE
  2701 | D:4      | 2701 ||| STAIRDANCE
  2739 | D:4      | 2739 ||| STAIRDANCE
  2782 | D:4      | 2782 ||| STAIRDANCE
  2865 | D:4      | Reached skill level 6 in Ranged Weapons
  2876 | D:4      | Reached XP level 6. HP: 38/51 MP: 6/6
  2880 | D:4      | 2880 ||| FLEEEEING.
  2892 | D:4      | 2892 ||| FLEEEEING.
  2893 | D:4      | 2893 ||| STAIRDANCE
  3033 | D:4      | HP: 10/52 [orc/+3 war axe (4)]
  3034 | D:4      | 3034 ||| DRINKING potion of heal wounds.
  3101 | D:4      | Found a transporter.
  3120 | D:4      | Found a transporter.
  3124 | D:4      | Noticed qw's ghost (amateur MiHs)
  3663 | D:5      | Entered Level 5 of the Dungeon
  3664 | D:5      | 3664 ||| PLANNING OSSUARY
  3665 | D:5      | Identified the +5 trident of the Ubiquitous God {flame,
                  | rElec rC+ Will+ Str+5}
  3716 | D:5      | Reached skill level 7 in Ranged Weapons
  3716 | D:5      | 3716 ||| FLEEEEING.
  3717 | D:5      | 3717 ||| FLEEEEING.
  3718 | D:5      | 3718 ||| FLEEEEING.
  3719 | D:5      | 3719 ||| FLEEEEING.
  3720 | D:5      | 3720 ||| FLEEEEING.
  3721 | D:5      | 3721 ||| FLEEEEING.
  3722 | D:5      | 3722 ||| FLEEEEING.
  3723 | D:5      | 3723 ||| FLEEEEING.
  3724 | D:5      | 3724 ||| FLEEEEING.
  3725 | D:5      | 3725 ||| FLEEEEING.
  3726 | D:5      | 3726 ||| FLEEEEING.
  3728 | D:5      | 3728 ||| FLEEEEING.
  3729 | D:5      | 3729 ||| FLEEEEING.
  3730 | D:5      | 3730 ||| FLEEEEING.
  3731 | D:5      | 3731 ||| FLEEEEING.
  3732 | D:5      | 3732 ||| FLEEEEING.
  3733 | D:5      | 3733 ||| STAIRDANCE
  3820 | D:4      | 3820 ||| UPGRADING to +2 hat.
  3825 | D:4      | 3825 ||| UPGRADING to ring of positive energy.
  3829 | D:5      | 3829 ||| STAIRDANCE
  3914 | D:5      | Reached XP level 7. HP: 57/59 MP: 7/7
  3992 | D:5      | Found a sand-covered staircase.
  3993 | D:5      | 3993 ||| UPGRADING to +2 leather armour of fire resistance.
  4003 | D:5      | 4003 ||| DROPPING +0 ring mail.
  4004 | D:5      | 4004 ||| READING 2 scrolls of identify.
  4004 | D:5      | 4004 ||| IDENTIFYING metallic purple potion
  4012 | Ossuary  | Entered an ossuary
  4136 | D:5      | 4136 ||| PLANNING D:1-11
  4283 | D:5      | Reached skill level 8 in Ranged Weapons
  4439 | D:5      | 4439 ||| Stepping ~*~*~tactically~*~*~ (outnumbered).
  4445 | D:5      | 4445 ||| Stepping ~*~*~tactically~*~*~ (outnumbered).
  4511 | D:5      | Reached skill level 3 in Dodging
  4891 | D:5      | Reached XP level 8. HP: 46/68 MP: 8/8
  5005 | D:5      | Found a sparkling altar of Nemelex Xobeh.
  5089 | D:5      | Found a staircase to the Ecumenical Temple.
  5090 | D:5      | 5090 ||| PLANNING TEMPLE
  5090 | D:5      | 5090 ||| UPGRADING to amulet of regeneration.
  5095 | D:5      | 5095 ||| READING scroll labelled ASESYXUELY.
  5096 | D:5      | 5096 ||| READING 3 scrolls of identify.
  5096 | D:5      | 5096 ||| IDENTIFYING glowing golden potion
  5097 | D:5      | 5097 ||| READING 2 scrolls of identify.
  5097 | D:5      | 5097 ||| IDENTIFYING cyan potion
  5098 | D:5      | 5098 ||| DROPPING potion of invisibility.
  5099 | D:5      | 5099 ||| DROPPING potion of attraction.
  5108 | Temple   | Entered the Ecumenical Temple
  5122 | Temple   | 5122 ||| PLANNING OKAWARU WORSHIP
  5291 | Temple   | Became a worshipper of Warmaster Okawaru
  5292 | Temple   | 5292 ||| PLANNING D:1-11
  5551 | D:6      | Reached skill level 9 in Ranged Weapons
  5612 | D:6      | HP: 16/70 [scorpion (3)]
  5613 | D:6      | 5613 ||| READING scroll of teleportation.
  5613 | D:6      | HP: 5/70 [poisoned by a scorpion]
  5613 | D:6      | Shot with an arrow by a centaur

Levels and vault maps discovered:
D:1:      arrival_aquarium_a, layout_basic, serial_shops,
          nicolae_shop_real_fake_doors, hangedman_glass_teeth, minmay_vboxes
D:2:      layout_loops_ring, basic_altar,
          shapermc_ecumenical_altar_starsandcircs, uniq_natasha
D:3:      layout_loops_corners
D:4:      layout_basic, gammafunk_ghost_mausoleum
D:5:      corexii_shantytown, layout_loops_ring, mainiacjoe_overflow_alcove_2,
          temple_hall, nicolae_ossuary_entry_monument
D:6:      layout_basic, item_on_display_a
Temple:   regret_index_temple_sphere_string

Skill      XL: |  1  2  3  4  5  6  7  8 |
---------------+-------------------------+-----
Ranged Weapons | 3 4 5 6 7 8 9 |  9.0
Fighting       | 2 3 4 5 |  5.8
Armour         | 1 |  1.2
Dodging        | 3 |  3.6
Spellcasting   | |  1.0
Hexes          | |  2.0

Action                     |  1- 3 |  4- 6 |  7- 9 || total
---------------------------+-------+-------+-------++-------
   Fire: Sling             |   118 |   268 |   250 ||   636
    Use: Scroll            |     2 |     2 |     5 ||     9
         Potion            |     1 |     2 |       ||     3
 Armour: Robe              |    14 |       |       ||    14
         Ring mail         |     9 |    43 |     1 ||    53
         Leather armour    |       |       |    26 ||    26
  Dodge: Dodged            |    53 |    98 |    68 ||   219

Table legend:
 A = Non-vault XP
 B = Vault XP
 C = Vault XP percentage of total XP
 D = Non-vault monster count
 E = Vault monster count
 F = Vault count percentage of total count
                 A         B        C        D         E       F
            +---------+---------+-------+---------+---------+-------
      Total |    1535 |     163 |   9.6 |     125 |      56 |  30.9
            +---------+---------+-------+---------+---------+-------
        D:1 |      68 |       9 |  11.7 |      31 |       5 |  13.9
        D:2 |      83 |      35 |  29.7 |      17 |       1 |   5.6
        D:3 |     119 |       0 |   0.0 |      25 |       0 |   0.0
        D:4 |     295 |       0 |   0.0 |      31 |       0 |   0.0
        D:5 |     776 |      99 |  11.3 |      18 |      30 |  62.5
        D:6 |     194 |       0 |   0.0 |       3 |       0 |   0.0
    Ossuary |       0 |      20 | 100.0 |       0 |      20 | 100.0
            +---------+---------+-------+---------+---------+-------
